Map: Invader LE

Players

LiquidTLO (TLO)

  • Race: Zerg Zerg
  • League: Grandmaster

ShaDoWn - Winner!

  • Race: Protoss Protoss
  • League: Grandmaster

VOD

Have the link to the VOD?

Description

Time

  • Played on: July 6, 2016, 11:11 a.m.
  • Length: 12:58
Show
View Real Time Build Order
Export as new Build Order

LiquidTLO Zerg 

Build Orders: Hatch First 

Get SALT Encoding   

  12  0:01  Drone  
  13  0:13  Overlord  
  13  0:18  Drone  
  14  0:31  Drone x2  
  16  0:49  Hatchery  
  15  0:52  Drone  
  15  0:54  Drone  
  17  1:00  Extractor  
  16  1:11  Spawning Pool  
  15  1:13  Drone  
  15  1:17  Drone  
  17  1:23  Drone  
  18  1:32  Drone  
  19  1:40  Overlord  
  19  1:58  Zergling x2, Queen  
  22  2:01  Queen  
  22  2:02  Metabolic Boost  
  22  2:05  Drone  
  25  2:08  Drone  
  25  2:13  Drone  
  28  2:15  Drone  
  28  2:23  Drone  
  28  2:24  Drone  
  30  2:33  Overlord  
  30  2:35  Drone  
  31  2:39  Queen  
  33  2:50  Hatchery  
  32  2:52  Drone  
  32  2:55  Drone  
  34  2:59  Zergling x4  
  36  3:06  Overlord  
  36  3:08  Drone x3  
  36  3:11  Drone  
  36  3:12  Zergling x2  
  41  3:16  Zergling x2  
  42  3:21  Queen  
  42  3:24  Overlord  
  44  3:27  Drone x2  
  44  3:31  Drone  
  44  3:32  Drone  
  49  3:41  Drone  
  49  3:44  Spore Crawler  
  49  3:47  Drone  
  49  3:53  Drone  
  50  3:56  Overlord, Drone  
  50  3:57  Zergling x4  
  50  4:01  Overlord  
  50  4:02  Drone x2  
  55  4:04  Queen, Drone  
  55  4:09  Drone, Evolution Chamber  
  58  4:15  Drone  
  58  4:16  Drone  
  60  4:19  Drone  
  61  4:26  Queen, Drone, Spore Crawler  
  61  4:27  Drone  
  61  4:29  Spore Crawler  
  61  4:30  Spore Crawler, Drone  
  63  4:32  Zergling x2  
  63  4:33  Zergling x2  
  63  4:35  Drone  
  63  4:37  Zerg Melee Weapons Level 1  
  66  4:39  Drone  
  66  4:41  Extractor  
  66  4:42  Drone  
  66  4:46  Drone  
  66  4:49  Drone  
  66  4:51  Drone x2  
  70  4:55  Extractor, Drone x2  
  70  4:56  Baneling Nest, Extractor, Drone x2  
  70  4:59  Drone  
  72  5:01  Drone  
  72  5:05  Evolution Chamber  
  72  5:07  Drone  
  72  5:11  Overlord  
  72  5:12  Extractor  
  72  5:13  Extractor  
  71  5:17  Overlord  
  71  5:18  Overlord  
  71  5:21  Hatchery  
  70  5:28  Overlord  
  70  5:29  Overlord  
  70  5:30  Overlord  
  70  5:31  Zergling x2  
  70  5:32  Pneumatized Carapace  
  70  5:34  Drone  
  72  5:38  Drone  
  72  5:40  Zergling x2, Drone  
  72  5:41  Drone  
  75  5:43  Drone  
  75  5:45  Drone  
  75  5:46  Zergling x4  
  75  5:48  Lair  
  79  5:51  Drone  
  79  5:52  Drone  
  79  5:53  Drone  
  82  6:01  Drone x6  
  88  6:04  Zergling x2  
  88  6:07  Drone  
  88  6:08  Drone  
  88  6:09  Drone  
  92  6:15  Zerg Ground Armor Level 1  
  92  6:21  Drone  
  92  6:23  Zergling x2  
  92  6:24  Drone x2  
  93  6:27  Drone x2  
  93  6:28  Zergling x2  
  93  6:29  Zergling x2  
  97  6:33  Baneling x3  
  97  6:34  Zergling x4  
  97  6:36  Drone  
  97  6:37  Drone x5  
  97  6:38  Overlord  
  105  6:41  Baneling x2  
  105  6:42  Overlord  
  104  6:48  Hydralisk Den  
  104  6:49  Infestation Pit, Drone  
  104  6:52  Drone  
  104  6:53  Drone  
  103  6:58  Zerg Melee Weapons Level 2  
  103  7:00  Zergling x4  
  105  7:02  Zergling x2, Drone  
  105  7:04  Drone  
  105  7:05  Zergling x2  
  109  7:10  Spore Crawler  
  109  7:11  Zergling x2  
  109  7:12  Zergling x4  
  109  7:13  Zergling x2  
  109  7:14  Spore Crawler  
  111  7:16  Zergling x2  
  111  7:17  Zergling x4  
  111  7:18  Lurker Den  
  111  7:19  Overlord  
  111  7:21  Hydralisk  
  116  7:23  Hydralisk  
  116  7:28  Overlord  
  118  7:31  Overlord  
  118  7:33  Overlord  
  118  7:37  Pathogen Glands  
  118  7:38  Overlord  
  118  7:40  Hydralisk  
  118  7:41  Hydralisk  
  119  7:47  Hydralisk x2  
  119  7:48  Hydralisk  
  119  7:50  Zergling x2  
  126  7:52  Zergling x2  
  126  7:53  Drone  
  126  7:54  Drone  
  126  7:55  Drone x2  
  126  7:57  Drone x4  
  134  8:01  Infestor x2  
  134  8:05  Infestor  
  140  8:11  Zerg Missile Weapons Level 1  
  140  8:12  Hydralisk  
  140  8:13  Spore Crawler  
  140  8:14  Hydralisk x2  
  140  8:18  Hydralisk  
  140  8:19  Zergling x2  
  146  8:25  Hive  
  145  8:27  Zergling x2  
  145  8:28  Extractor, Zergling x6  
  145  8:29  Extractor, Zergling x2  
  145  8:30  Zergling x2  
  145  8:33  Neural Parasite  
  145  8:34  Drone  
  149  8:38  Hydralisk x2  
  149  8:39  Zergling x4  
  149  8:40  Zergling x2  
  149  8:41  Zergling x2  
  157  8:42  Infestor  
  157  8:43  Zergling x2  
  160  8:50  Overlord  
  160  8:51  Overlord  
  159  8:58  Zergling x2  
  159  8:59  Overlord, Spire  
  159  9:03  Zergling x2  
  159  9:08  Zergling x2  
  159  9:11  Zergling x2  
  159  9:12  Zergling x2  
  159  9:15  Hydralisk, Lurker  
  164  9:17  Overlord  
  164  9:18  Zergling x8  
  164  9:21  Zergling x2  
  164  9:22  Zergling x4  
  164  9:23  Zergling x2  
  172  9:25  Zergling x2  
  172  9:29  Zergling x2  
  172  9:30  Zergling x6  
  177  9:31  Zergling x2  
  177  9:34  Hydralisk  
  177  9:35  Zergling x2  
  177  9:36  Zergling x2  
  177  9:37  Zerg Ground Armor Level 2  
  181  9:39  Adrenal Glands  
  181  9:41  Ultralisk Cavern  
  181  9:42  Zergling x2, Evolution Chamber  
  181  9:44  Zergling x4  
  181  9:45  Zergling x2  
  175  9:46  Zergling x2  
  175  9:49  Zergling x2  
  175  9:50  Zergling x2  
  174  9:58  Zergling x2  
  175  10:02  Zergling x4  
  175  10:03  Zergling x2  
  175  10:06  Zerg Missile Weapons Level 2  
  178  10:07  Hydralisk x2, Drone  
  178  10:12  Zergling x6  
  178  10:13  Zergling x2  
  187  10:15  Zerg Melee Weapons Level 3, Corruptor x2, Zerg Flyer Armor Level 1  
  187  10:20  Corruptor  
  181  10:26  Overlord  
  181  10:28  Baneling x5  
  175  10:29  Overlord  
  175  10:31  Overlord  
  175  10:34  Zergling x2  
  175  10:35  Zergling x2  
  145  10:45  Zergling x2  
  145  10:46  Zergling x20  
  140  10:53  Zergling x4  
  140  10:54  Zergling x2  
  140  10:55  Zergling x6  
  140  10:56  Hydralisk x2  
  129  11:00  Muscular Augments  
  129  11:03  Corruptor x2  
  130  11:06  Corruptor x2  
  130  11:08  Viper  
  137  11:16  Drone  
  138  11:19  Burrow  
  138  11:24  Lurker x2  
  137  11:27  Ultralisk  
  137  11:29  Hatchery  
  137  11:32  Ultralisk  
  146  11:36  Zergling x2  
  146  11:38  Zergling x4  
  149  11:41  Overseer  
  149  11:44  Ultralisk  
  155  11:51  Ultralisk  
  160  11:55  Ultralisk  
  157  12:06  Zergling x22  
  144  12:09  Zergling x4  
  144  12:10  Zergling x2  
  144  12:13  Zergling x4  
  137  12:17  Zergling x4  
  137  12:20  Zergling x2  
  129  12:27  Baneling  
  129  12:28  Baneling x5  
  120  12:35  Zergling x2  
  115  12:37  Baneling x3  
Show
View Real Time Build Order
Export as new Build Order

ShaDoWn Protoss - Winner!

Build Orders: 1 Gate Expand, Phoenix Opening 

Get SALT Encoding   

  12  0:01  Probe (Chrono Boost)  
  13  0:11  Probe (Chrono Boost)  
  14  0:20  Pylon  
  14  0:22  Probe (Chrono Boost)  
  15  0:39  Probe (Chrono Boost)  
  15  0:41  Gateway  
  16  0:49  Probe (Chrono Boost)  
  17  0:50  Assimilator  
  17  1:00  Probe (Chrono Boost)  
  18  1:10  Probe (Chrono Boost)  
  19  1:22  Nexus  
  19  1:25  Probe (Chrono Boost)  
  20  1:35  Cybernetics Core  
  20  1:38  Probe (Chrono Boost)  
  21  1:43  Assimilator  
  21  1:49  Probe (Chrono Boost)  
  21  1:53  Pylon  
  22  1:59  Probe (Chrono Boost)  
  23  2:11  Probe (Chrono Boost)  
  23  2:14  Adept (Chrono Boost), Warp Gate  
  26  2:22  Probe (Chrono Boost)  
  27  2:32  Probe (Chrono Boost)  
  27  2:35  Stargate  
  27  2:37  Probe (Chrono Boost)  
  29  2:41  Zealot (Chrono Boost)  
  29  2:42  Probe  
  32  2:48  Probe  
  33  2:58  Mothership Core (Chrono Boost)  
  35  3:01  Probe (Chrono Boost)  
  36  3:05  Adept  
  36  3:11  Probe (Chrono Boost)  
  39  3:16  Probe (Chrono Boost)  
  40  3:20  Probe (Chrono Boost), Phoenix (Chrono Boost)  
  43  3:27  Gateway  
  43  3:28  Gateway, Probe  
  43  3:32  Pylon, Probe  
  45  3:40  Probe  
  46  3:48  Probe  
  46  3:50  Phoenix (Chrono Boost)  
  46  3:52  Probe  
  50  3:59  Probe  
  51  4:06  Nexus  
  51  4:10  Probe  
  51  4:11  Pylon, Probe  
  53  4:19  Assimilator  
  53  4:21  Probe  
  54  4:29  Probe, Assimilator  
  54  4:30  Phoenix (Chrono Boost)  
  57  4:31  Probe  
  57  4:33  Sentry  
  57  4:36  Pylon  
  60  4:39  Robotics Facility  
  60  4:42  Probe x2  
  62  4:48  Pylon  
  62  4:52  Probe  
  62  4:54  Phoenix (Chrono Boost), Probe  
  66  5:03  Probe  
  67  5:07  Robotics Facility  
  67  5:09  Probe  
  67  5:13  Forge  
  67  5:14  Probe  
  68  5:16  Phoenix (Chrono Boost)  
  68  5:17  Probe  
  68  5:21  Sentry, Probe  
  74  5:24  Probe  
  74  5:27  Probe  
  76  5:33  Probe  
  76  5:35  Probe  
  78  5:38  Probe  
  78  5:40  Phoenix (Chrono Boost)  
  80  5:45  Probe x2  
  80  5:47  Protoss Ground Weapons Level 1  
  80  5:48  Probe  
  80  5:49  Observer  
  83  5:50  Gateway  
  83  5:52  Gateway  
  83  5:54  Assimilator  
  83  5:56  Probe  
  83  5:57  Pylon, Assimilator  
  84  5:58  Probe  
  84  5:59  Probe  
  84  6:04  Pylon  
  87  6:07  Probe  
  87  6:10  Probe  
  87  6:11  Immortal (Chrono Boost)  
  93  6:17  Pylon  
  93  6:18  Immortal (Chrono Boost)  
  97  6:31  Twilight Council  
  97  6:34  Gateway x2  
  97  6:37  Gateway  
  97  6:46  Immortal (Chrono Boost)  
  101  6:52  Immortal (Chrono Boost)  
  105  7:14  Pylon  
  105  7:19  Warp Prism (Chrono Boost)  
  105  7:22  Charge (Chrono Boost), Photon Cannon  
  107  7:24  Pylon x2  
  107  7:26  Immortal  
  107  7:27  Pylon  
  111  7:30  Templar Archives  
  111  7:33  Zealot x3  
  111  7:34  Zealot x2  
  121  7:41  Pylon  
  121  7:50  Protoss Ground Weapons Level 2  
  121  7:56  Photon Cannon x2  
  121  7:58  Zealot x5  
  130  8:06  High Templar  
  130  8:07  High Templar  
  134  8:16  Archon  
  133  8:20  Immortal x2  
  141  8:31  High Templar x2  
  141  8:32  High Templar  
  141  8:33  High Templar, Nexus, Zealot x2  
  153  8:36  Pylon  
  153  8:37  Archon x2  
  153  8:49  Stargate  
  153  8:50  Fleet Beacon  
  153  8:55  Oracle  
  155  9:03  Pylon x2  
  155  9:08  Pylon  
  155  9:22  Immortal x2  
  163  9:30  Pylon x2  
  163  9:33  Pylon, Photon Cannon  
  163  9:34  Tempest x2 (Chrono Boost)  
  163  9:35  Pylon  
  163  9:59  Photon Cannon  
  161  10:02  Probe x2  
  161  10:03  Probe  
  161  10:04  Probe  
  161  10:05  Assimilator  
  161  10:06  Assimilator  
  157  10:12  Tempest (Chrono Boost), Zealot x2  
  157  10:13  Probe x2  
  165  10:22  Probe  
  165  10:27  High Templar x3  
  165  10:28  High Templar, Zealot x2  
  168  10:31  Observer x2  
  168  10:33  Archon x2  
  166  10:49  Tempest (Chrono Boost)  
  167  10:51  Adept x3  
  167  10:52  Adept  
  166  10:57  Probe  
  166  11:00  Warp Prism  
  166  11:01  Immortal  
  173  11:14  Zealot  
  173  11:15  Zealot x7  
  189  11:26  Photon Cannon  
  189  11:28  Tempest (Chrono Boost), Photon Cannon  
  193  11:36  Immortal  
  193  11:43  High Templar x2  
  197  11:47  Zealot  
  191  11:57  Archon  
  174  12:10  Stalker  
  174  12:11  Stalker x5  
  174  12:15  Probe  
  183  12:21  Adept  
  183  12:22  Adept  
  180  12:25  Observer x2  
  175  12:36  Zealot  
  177  12:37  Zealot x2  
  177  12:38  Zealot x2  
  183  12:51  High Templar  
Tags
 
Add a new tag
Caveats
  • Supply blocks, unpowered buildings, or Contaminate may cause inaccurate times.
  • Supply counts are checked every 10 seconds.